Knights vs Wiprows
Created - 2 mars 2015 at 19:20
Goals
|
| Knights |
1 |
1 |
0 |
2 |
| Wiprows |
1 |
2 |
1 |
4 |
|
Shots
|
| Knights |
15 |
7 |
8 |
30 |
| Wiprows |
11 |
20 |
7 |
38 |
|
1st period
1. Knights , Kyle Greentree 21 (James Wright) at 11:04 (PP)
2. Wiprows , Brandon Bollig 19 (Jesse Winchester, Alec Martinez) at 16:38 (SH)
Penalties :
Kevin Connauton (Win) for Boarding (Minor) at 0:57, Kevin Connauton (Win) for Holding Stick (Minor) at 10:23, Kevin Connauton (Win) for Tripping (Minor) at 16:27
2nd period
3. Wiprows , T.J. Oshie 36 (Nazem Kadri, Jiri Tlusty) at 2:31 (PP)
4. Knights , Kyle Greentree 22 (Garnet Exelby, Eric Gelinas) at 4:28
5. Wiprows , Maxime Macenauer 12 (Jason Ryznar, Arturs Kulda) at 18:18
Penalties :
Brayden McNabb (Lon) for Holding Stick (Minor) at 1:44, Jonathan Tremblay (Win) for Hooking (Minor) at 5:29, Zack Hamill (Lon) for Hooking (Minor) at 10:49, Jani Rita (Lon) for Roughing (Minor) at 13:09
3rd period
6. Wiprows , Matt Donovan 5 (Linden Vey, Nick Bonino) at 4:56 (PP)
Penalties :
James Wright (Lon) for High sticking (Minor) at 3:27, Garnet Exelby (Lon) for Hooking (Minor) at 5:27, Jacob Markstrom (Lon) for Delaying the game (Minor) at 16:04 - Eric Gelinas served the penalty
Goalie Stats
Jacob Markstrom (Lon), 34 saves from 38 shots - (0,895), L, 20-24-3, 60:00 minutes
Thomas McCollum (Win), 28 saves from 30 shots - (0,933), W, 4-9-1, 60:00 minutes
Players Stats for Knights
Player Name G A P +/- PIM S H SB GA TA FO MP PP MP PK MP
------------------------------------------------------------------------------------
A.J. Jenks 0 0 0 0 0 1 0 0 1 0 0/0 7:52 0:00 0:00
Alex Chiasson 0 0 0 1 0 2 1 0 0 0 0/0 14:33 3:02 0:00
Brayden McNabb 0 0 0 -1 2 1 2 0 0 0 0/0 18:04 3:55 1:26
Carter Ashton 0 0 0 0 0 0 1 0 0 0 0/0 7:44 0:00 0:00
Chris Thorburn 0 0 0 -1 0 4 0 2 0 1 0/3 17:01 3:36 0:00
Eric Gelinas 0 1 1 -1 0 1 1 4 0 1 0/0 27:12 3:55 4:34
Garnet Exelby 0 1 1 0 2 0 1 3 0 1 0/0 21:12 0:00 4:29
James Wright 0 1 1 1 2 1 0 0 0 0 7/19 20:05 3:02 4:57
Jani Rita 0 0 0 -1 2 3 2 0 0 0 2/4 17:13 3:36 0:00
Jimmy Hayes 0 0 0 -1 0 2 0 0 0 0 1/1 9:03 0:00 0:00
Joe Colborne 0 0 0 -1 0 3 0 0 0 0 0/5 11:21 0:00 2:18
Kyle Greentree 2 0 2 1 0 7 2 0 0 0 1/1 22:07 3:02 6:48
Michael Raffl 0 0 0 -1 0 2 2 0 0 0 0/0 11:28 0:00 1:29
Michael Stone 0 0 0 0 0 0 0 0 0 0 0/0 11:33 0:00 0:00
Nikita Nikitin 0 0 0 0 0 1 1 2 0 0 0/0 19:29 2:43 4:15
Philip Varone 0 0 0 0 0 1 0 0 0 0 2/3 10:08 0:00 1:24
Tomas Kundratek 0 0 0 0 0 1 3 3 0 1 0/0 23:21 2:43 5:40
Zack Hamill 0 0 0 -1 2 0 1 0 1 0 12/20 20:17 3:36 3:28
Players Stats for Wiprows
Player Name G A P +/- PIM S H SB GA TA FO MP PP MP PK MP
------------------------------------------------------------------------------------
Alec Martinez 0 1 1 1 0 3 2 0 0 0 0/0 19:03 0:00 3:50
Arturs Kulda 0 1 1 1 0 0 3 1 1 1 0/0 16:42 0:00 3:50
Brandon Bollig 1 0 1 0 0 3 3 0 0 0 0/2 19:00 4:44 3:13
Derek Grant 0 0 0 0 0 0 0 0 0 0 0/0 0:00 0:00 0:00
Drayson Bowman 0 0 0 0 0 1 1 0 0 1 1/1 10:26 0:00 0:28
Jason Ryznar 0 1 1 1 0 1 0 0 0 0 0/0 8:44 0:03 0:41
Jesse Winchester 0 1 1 1 0 3 1 1 0 0 5/10 13:55 0:03 3:13
Jiri Tlusty 0 1 1 0 0 2 0 0 1 0 2/2 19:21 5:25 0:00
Jonathan Tremblay 0 0 0 0 2 4 1 0 0 0 0/0 12:23 0:00 2:16
Jordan Szwarz 0 0 0 1 0 0 2 0 0 0 0/0 8:00 0:03 0:00
Kevin Connauton 0 0 0 0 6 0 0 1 0 0 0/0 18:05 3:12 0:00
Linden Vey 0 1 1 -1 0 0 0 0 0 0 0/0 15:53 4:44 0:00
Matt Donovan 1 0 1 0 0 3 1 1 0 0 0/0 25:23 7:00 2:48
Matt Taormina 0 0 0 0 0 5 1 1 0 0 0/0 25:23 7:00 2:48
Maxime Macenauer 1 0 1 1 0 1 1 0 1 0 1/2 7:16 0:00 0:00
Nazem Kadri 0 1 1 0 0 5 1 0 0 0 14/25 19:49 5:25 0:28
Nick Bonino 0 1 1 -1 0 3 1 0 1 0 7/10 19:00 4:44 2:57
T.J. Oshie 1 0 1 0 0 3 2 0 0 0 1/4 19:21 5:25 0:00
Thomas Hickey 0 0 0 0 0 1 0 1 0 0 0/0 15:34 3:12 0:00
3 Stars
1 - Kyle Greentree (Lon)
2 - Maxime Macenauer (Win)
3 - Brandon Bollig (Win)
Power Play
Knights - 1 on 4 Attempt(s) - 25,00%
Wiprows - 2 on 6 Attempt(s) - 33,33%
Penalty Kill
Knights - 4 on 6 Attempt(s) - 66,67%
- Score 0 goal in Penalty Kill
Wiprows - 3 on 4 Attempt(s) - 75,00%
- Score 1 goal in Penalty Kill
Team Stat
Knights - Hits : 17 - Faceoff Wins : 25 - Blocked Shots : 14 - Penalty Minutes : 10
Wiprows - Hits : 20 - Faceoff Wins : 31 - Blocked Shots : 6 - Penalty Minutes : 8
Official
Referees : Leggo Mike and VanMassenhoven Don
Linesman : Pierre Champoux and Shane Heyer
Game Notes
No Game Note
Finance
Level 1 -- Attendance: 1407 (70,35%) -- Ticket Income 35 175 $
Level 2 -- Attendance: 713 (71,30%) -- Ticket Income 9 982 $
Total Attendance: 2120 (70,67%)
Total Ticket Income: 45 157 $
Other Income: 2 258 $
Total Income: 47 415 $
Knights
5 vs 5 Forward
Center Left Wing Right Wing Time % Phy DF OF
1 Zack Hamill Jani Rita Chris Thorburn 37 1 2 2
2 James Wright Kyle Greentree Alex Chiasson 33 1 2 2
3 Joe Colborne Michael Raffl Jimmy Hayes 20 1 2 2
4 Philip Varone A.J. Jenks Carter Ashton 10 1 2 2
5 vs 5 Defense
Defense Defense Time % Phy DF OF
1 Eric Gelinas Garnet Exelby 40 1 2 2
2 Brayden McNabb Tomas Kundratek 30 1 2 2
3 Nikita Nikitin Michael Stone 20 1 2 2
4 Tomas Kundratek Eric Gelinas 10 1 2 2
PowerPlay Forward
Center Left Wing Right Wing Time % Phy DF OF
1 Zack Hamill Jani Rita Chris Thorburn 60 1 1 3
2 James Wright Kyle Greentree Alex Chiasson 40 1 1 3
PowerPlay Defense
Defense Defense Time % Phy DF OF
1 Brayden McNabb Eric Gelinas 60 1 1 3
2 Nikita Nikitin Tomas Kundratek 40 1 1 3
Penalty Kill 4 Players Forward
Center Wing Time % Phy DF OF
1 James Wright Kyle Greentree 60 1 3 1
2 Joe Colborne Zack Hamill 40 1 3 1
Penalty Kill 4 Players Defense
Defense Defense Time % Phy DF OF
1 Garnet Exelby Eric Gelinas 60 1 2 2
2 Nikita Nikitin Tomas Kundratek 40 1 3 1
Penalty Kill - 3 Players Forward
Forward Time % Phy DF OF
1 James Wright 60 0 4 1
2 Joe Colborne 40 0 4 1
Penalty Kill - 3 Players Defense
Defense Defense Time % Phy DF OF
1 Garnet Exelby Tomas Kundratek 60 1 4 0
2 Eric Gelinas Nikita Nikitin 40 1 4 0
4 vs 4 Forward
Center Wing Time % Phy DF OF
1 Zack Hamill Chris Thorburn 60 1 2 2
2 Kyle Greentree James Wright 40 1 2 2
4 vs 4 Defense
Defense Defense Time % Phy DF OF
1 Garnet Exelby Eric Gelinas 60 1 2 2
2 Tomas Kundratek Brayden McNabb 40 1 2 2
Last Minutes Offensive
Center Left Wing Right Wing Defense Defense
Zack Hamill Jani Rita Chris Thorburn Eric Gelinas Garnet Exelby
Last Minutes Defensive
Center Left Wing Right Wing Defense Defense
James Wright Kyle Greentree Chris Thorburn Eric Gelinas Garnet Exelby
Goaltenders
Starting : Jacob Markstrom
Backup : Dany Sabourin
Extra Forwards
Normal : Kyle Greentree, Zack Hamill, James Wright - PP : James Wright, Zack Hamill - PK : Zack Hamill
Extra Defensemen
Normal : Nikita Nikitin, Eric Gelinas, Tomas Kundratek - PP : Eric Gelinas - PK : Eric Gelinas, Tomas Kundratek
Penalty Shots
Chris Thorburn, Jani Rita, Zack Hamill, James Wright, Kyle Greentree
Wiprows
5 vs 5 Forward
Center Left Wing Right Wing Time % Phy DF OF
1 Nazem Kadri Jiri Tlusty T.J. Oshie 38 1 2 2
2 Nick Bonino Brandon Bollig Linden Vey 28 1 3 1
3 Jesse Winchester Drayson Bowman Jonathan Tremblay 24 1 3 1
4 Maxime Macenauer Jason Ryznar Jordan Szwarz 10 1 3 1
5 vs 5 Defense
Defense Defense Time % Phy DF OF
1 Matt Taormina Matt Donovan 37 1 3 1
2 Alec Martinez Kevin Connauton 33 1 3 1
3 Thomas Hickey Arturs Kulda 29 1 3 1
4 Matt Donovan Matt Taormina 1 1 1 3
PowerPlay Forward
Center Left Wing Right Wing Time % Phy DF OF
1 Nazem Kadri Jiri Tlusty T.J. Oshie 55 0 0 5
2 Nick Bonino Brandon Bollig Linden Vey 45 0 0 5
PowerPlay Defense
Defense Defense Time % Phy DF OF
1 Matt Taormina Matt Donovan 55 0 1 4
2 Thomas Hickey Kevin Connauton 45 0 1 4
Penalty Kill 4 Players Forward
Center Wing Time % Phy DF OF
1 Jesse Winchester Brandon Bollig 53 1 4 0
2 Nick Bonino Jonathan Tremblay 47 1 4 0
Penalty Kill 4 Players Defense
Defense Defense Time % Phy DF OF
1 Arturs Kulda Alec Martinez 53 1 4 0
2 Matt Donovan Matt Taormina 47 1 4 0
Penalty Kill - 3 Players Forward
Forward Time % Phy DF OF
1 Nazem Kadri 55 1 4 0
2 Jesse Winchester 45 1 4 0
Penalty Kill - 3 Players Defense
Defense Defense Time % Phy DF OF
1 Arturs Kulda Alec Martinez 60 1 4 0
2 Matt Donovan Matt Taormina 40 1 4 0
4 vs 4 Forward
Center Wing Time % Phy DF OF
1 Nazem Kadri T.J. Oshie 54 1 3 1
2 Nick Bonino Jiri Tlusty 46 1 3 1
4 vs 4 Defense
Defense Defense Time % Phy DF OF
1 Matt Taormina Alec Martinez 60 1 3 1
2 Matt Donovan Arturs Kulda 40 1 3 1
Last Minutes Offensive
Center Left Wing Right Wing Defense Defense
Nazem Kadri Nick Bonino Jiri Tlusty Thomas Hickey Matt Taormina
Last Minutes Defensive
Center Left Wing Right Wing Defense Defense
Jesse Winchester Brandon Bollig Jonathan Tremblay Alec Martinez Arturs Kulda
Goaltenders
Starting : Thomas McCollum
Backup : Braden Holtby
Extra Forwards
Normal : Nazem Kadri, Nick Bonino, T.J. Oshie - PP : Nick Bonino, T.J. Oshie - PK : Jonathan Tremblay
Extra Defensemen
Normal : Matt Taormina, Alec Martinez, Thomas Hickey - PP : Thomas Hickey - PK : Arturs Kulda, Matt Donovan
Penalty Shots
Jiri Tlusty, T.J. Oshie, Jesse Winchester, Brandon Bollig, Nick Bonino
% Time on Ice - Knights
Lines # - Real PCT - Wanted PCT - Time Play
Normal Forward
1 - 36% - 37% - 15:32
2 - 25% - 33% - 10:55
3 - 21% - 20% - 9:03
4 - 18% - 10% - 7:40
Normal Defense
1 - 40% - 40% - 17:14
2 - 28% - 30% - 12:05
3 - 27% - 20% - 11:33
4 - 5% - 10% - 2:18
PP Forward
1 - 54% - 60% - 3:36
2 - 46% - 40% - 3:02
PP Defense
1 - 59% - 60% - 3:55
2 - 41% - 40% - 2:43
PK Forward
1 - 77% - 60% - 7:54
2 - 23% - 40% - 2:18
PK Defense
1 - 64% - 60% - 6:30
2 - 36% - 40% - 3:42
PK3 Forward
1 - 0% - 60%
2 - 0% - 40%
PK3 Defense
1 - 0% - 60%
2 - 0% - 40%
44 Forward
1 - 0% - 60%
2 - 0% - 40%
44 Defense
1 - 0% - 60%
2 - 0% - 40%
Last Minute Offensive - 0:00
Last Minute Defensive - 0:00
Total
Forward - 60:00
Defense - 60:00
|
% Time on Ice - Wiprows
Lines # - Real PCT - Wanted PCT - Time Play
Normal Forward
1 - 34% - 38% - 14:38
2 - 27% - 28% - 11:45
3 - 23% - 24% - 9:43
4 - 16% - 10% - 7:04
Normal Defense
1 - 38% - 37% - 16:19
2 - 33% - 33% - 14:17
3 - 29% - 29% - 12:22
4 - 0% - 1% - 0:12
PP Forward
1 - 54% - 55% - 5:28
2 - 46% - 45% - 4:44
PP Defense
1 - 69% - 55% - 7:00
2 - 31% - 45% - 3:12
PK Forward
1 - 48% - 53% - 3:13
2 - 52% - 47% - 3:25
PK Defense
1 - 58% - 53% - 3:50
2 - 42% - 47% - 2:48
PK3 Forward
1 - 0% - 55%
2 - 0% - 45%
PK3 Defense
1 - 0% - 60%
2 - 0% - 40%
44 Forward
1 - 0% - 54%
2 - 0% - 46%
44 Defense
1 - 0% - 60%
2 - 0% - 40%
Last Minute Offensive - 0:00
Last Minute Defensive - 0:00
Total
Forward - 60:00
Defense - 60:00
|
Play by Play
1st period
0:01 of 1st period - Nazem Kadri wins face-off versus Jani Rita in neutral zone.
0:14 of 1st period - Snap shot by Chris Thorburn.
0:14 of 1st period - Stopped by Thomas McCollum with a rebound.
0:16 of 1st period - Slapshot by Garnet Exelby.
0:16 of 1st period - Shot Blocked by Matt Donovan.
0:57 of 1st period - Minor Penalty to Kevin Connauton for Boarding.
0:58 of 1st period - Zack Hamill wins face-off versus Jesse Winchester in Wiprows zone.
1:06 of 1st period - Backhand shot by Jani Rita.
1:06 of 1st period - Shot Misses the Net.
1:08 of 1st period - Slapshot by Nikita Nikitin.
1:08 of 1st period - Deflect By Arturs Kulda.
1:08 of 1st period - Stopped by Thomas McCollum without a rebound.
1:09 of 1st period - Zack Hamill wins face-off versus Nick Bonino in Wiprows zone.
2:57 of 1st period - Penalty to Kevin Connauton is over, Kevin Connauton is back on ice.
3:32 of 1st period - Slapshot by Alec Martinez.
3:32 of 1st period - Stopped by Jacob Markstrom without a rebound.
3:33 of 1st period - Nazem Kadri wins face-off versus Zack Hamill in Knights zone.
3:44 of 1st period - Wrist shot by Jiri Tlusty.
3:44 of 1st period - Stopped by Jacob Markstrom without a rebound.
3:45 of 1st period - Zack Hamill wins face-off versus Brandon Bollig in Knights zone.
4:20 of 1st period - Snap shot by Kyle Greentree.
4:20 of 1st period - Stopped by Thomas McCollum with a rebound.
4:55 of 1st period - Tomas Kundratek is hit by Jordan Szwarz.
5:33 of 1st period - Wrist shot by Jani Rita.
5:33 of 1st period - Shot Misses the Net.
5:39 of 1st period - Snap shot by Jani Rita.
5:39 of 1st period - Stopped by Thomas McCollum with a rebound.
6:00 of 1st period - Wrist shot by Jimmy Hayes.
6:00 of 1st period - Stopped by Thomas McCollum with a rebound.
6:02 of 1st period - Slapshot by Jimmy Hayes.
6:02 of 1st period - Stopped by Thomas McCollum with a rebound.
6:04 of 1st period - Snap shot by Jimmy Hayes.
6:04 of 1st period - Shot Misses the Net.
6:21 of 1st period - Slapshot by Brandon Bollig.
6:21 of 1st period - Shot Misses the Net.
6:23 of 1st period - Slapshot by Matt Donovan.
6:23 of 1st period - Stopped by Jacob Markstrom without a rebound.
6:24 of 1st period - James Wright wins face-off versus Jesse Winchester in Knights zone.
6:31 of 1st period - Snap shot by Alex Chiasson.
6:31 of 1st period - Shot Blocked by Jesse Winchester.
6:33 of 1st period - Backhand shot by Brayden McNabb.
6:33 of 1st period - Stopped by Thomas McCollum with a rebound.
6:35 of 1st period - Snap shot by James Wright.
6:35 of 1st period - Stopped by Thomas McCollum with a rebound.
6:49 of 1st period - Slapshot by T.J. Oshie.
6:49 of 1st period - Stopped by Jacob Markstrom without a rebound.
6:50 of 1st period - Zack Hamill wins face-off versus Nazem Kadri in Knights zone.
7:17 of 1st period - Kyle Greentree is hit by Brandon Bollig and loses puck.
7:40 of 1st period - Slapshot by Jesse Winchester.
7:40 of 1st period - Shot Misses the Net.
8:13 of 1st period - A.J. Jenks is hit by Arturs Kulda and loses puck.
8:22 of 1st period - Snap shot by Nazem Kadri.
8:22 of 1st period - Stopped by Jacob Markstrom with a rebound.
8:36 of 1st period - Matt Donovan is hit by Alex Chiasson and loses puck.
8:41 of 1st period - Snap shot by Kyle Greentree.
8:41 of 1st period - Stopped by Thomas McCollum with a rebound.
8:43 of 1st period - Snap shot by Brayden McNabb.
8:43 of 1st period - Deflect By Kyle Greentree.
8:43 of 1st period - Stopped by Thomas McCollum with a rebound.
8:45 of 1st period - Wrist shot by Alex Chiasson.
8:45 of 1st period - Shot Misses the Net.
8:47 of 1st period - Snap shot by Alex Chiasson.
8:47 of 1st period - Shot Misses the Net.
9:03 of 1st period - Snap shot by Jesse Winchester.
9:03 of 1st period - Stopped by Jacob Markstrom with a rebound.
9:19 of 1st period - Slapshot by Joe Colborne.
9:19 of 1st period - Stopped by Thomas McCollum without a rebound.
9:20 of 1st period - Maxime Macenauer wins face-off versus James Wright in Wiprows zone.
9:49 of 1st period - Slapshot by Joe Colborne.
9:49 of 1st period - Stopped by Thomas McCollum without a rebound.
9:50 of 1st period - Jimmy Hayes wins face-off versus Nazem Kadri in Wiprows zone.
10:01 of 1st period - Snap shot by T.J. Oshie.
10:01 of 1st period - Deflect By Nazem Kadri.
10:01 of 1st period - Stopped by Jacob Markstrom without a rebound.
10:02 of 1st period - Zack Hamill wins face-off versus Nazem Kadri in Knights zone.
10:23 of 1st period - Minor Penalty to Kevin Connauton for Holding Stick.
10:24 of 1st period - Jesse Winchester wins face-off versus Zack Hamill in Wiprows zone.
10:33 of 1st period - Brandon Bollig is hit by Jani Rita and loses puck.
11:04 of 1st period - Snap shot by Kyle Greentree.
11:04 of 1st period - Goal by Kyle Greentree - Knights : 1 - Wiprows : 0.
11:05 of 1st period - Zack Hamill wins face-off versus T.J. Oshie in neutral zone.
11:37 of 1st period - Wrist shot by Brandon Bollig.
11:37 of 1st period - Stopped by Jacob Markstrom with a rebound.
11:39 of 1st period - Slapshot by Arturs Kulda.
11:39 of 1st period - Shot Blocked by Eric Gelinas.
11:59 of 1st period - Snap shot by Michael Raffl.
11:59 of 1st period - Stopped by Thomas McCollum with a rebound.
14:11 of 1st period - Snap shot by Jiri Tlusty.
14:11 of 1st period - Deflect By Drayson Bowman.
14:11 of 1st period - Shot Blocked by Nikita Nikitin.
14:11 of 1st period - Puck is out of play.
14:12 of 1st period - Jesse Winchester wins face-off versus James Wright in Knights zone.
14:13 of 1st period - Slapshot by Jonathan Tremblay.
14:13 of 1st period - Stopped by Jacob Markstrom with a rebound.
14:54 of 1st period - Wrist shot by Jonathan Tremblay.
14:54 of 1st period - Stopped by Jacob Markstrom without a rebound.
14:55 of 1st period - Nazem Kadri wins face-off versus Zack Hamill in Knights zone.
14:58 of 1st period - Snap shot by Jiri Tlusty.
14:58 of 1st period - Shot Blocked by Chris Thorburn.
15:50 of 1st period - Backhand shot by Michael Raffl.
15:50 of 1st period - Stopped by Thomas McCollum with a rebound.
16:27 of 1st period - Minor Penalty to Kevin Connauton for Tripping.
16:28 of 1st period - Jesse Winchester wins face-off versus Zack Hamill in Wiprows zone.
16:38 of 1st period - Slapshot by Brandon Bollig.
16:38 of 1st period - Goal by Brandon Bollig - Knights : 1 - Wiprows : 1.
16:39 of 1st period - Zack Hamill wins face-off versus Brandon Bollig in neutral zone.
16:50 of 1st period - Snap shot by Jani Rita.
16:50 of 1st period - Shot Misses the Net.
16:52 of 1st period - Slapshot by Brayden McNabb.
16:52 of 1st period - Shot Misses the Net.
18:27 of 1st period - Penalty to Kevin Connauton is over, Kevin Connauton is back on ice.
18:27 of 1st period - Jani Rita is hit by Jonathan Tremblay and loses puck.
18:59 of 1st period - Nikita Nikitin is hit by Jordan Szwarz and loses puck.
19:20 of 1st period - James Wright is hit by T.J. Oshie and loses puck.
Goals for this period are 1 for Knights vs 1 for Wiprows.
Shots for this period are 15 for Knights vs 11 for Wiprows.
2nd period
0:01 of 2nd period - Nazem Kadri wins face-off versus Chris Thorburn in neutral zone.
0:12 of 2nd period - Wrist shot by Nazem Kadri.
0:12 of 2nd period - Shot Misses the Net.
0:14 of 2nd period - Slapshot by Matt Taormina.
0:14 of 2nd period - Shot Blocked by Eric Gelinas.
0:16 of 2nd period - Slapshot by Matt Taormina.
0:16 of 2nd period - Shot Blocked by Chris Thorburn.
0:26 of 2nd period - Matt Taormina is hit by Eric Gelinas and loses puck.
1:41 of 2nd period - Slapshot by Jesse Winchester.
1:41 of 2nd period - Stopped by Jacob Markstrom without a rebound.
1:42 of 2nd period - Zack Hamill wins face-off versus Nick Bonino in Knights zone.
1:44 of 2nd period - Minor Penalty to Brayden McNabb for Holding Stick.
1:45 of 2nd period - Nazem Kadri wins face-off versus James Wright in Knights zone.
2:17 of 2nd period - Slapshot by Matt Taormina.
2:17 of 2nd period - Stopped by Jacob Markstrom without a rebound.
2:18 of 2nd period - Nazem Kadri wins face-off versus James Wright in Knights zone.
2:29 of 2nd period - Snap shot by Nazem Kadri.
2:29 of 2nd period - Stopped by Jacob Markstrom with a rebound.
2:31 of 2nd period - Slapshot by T.J. Oshie.
2:31 of 2nd period - Goal by T.J. Oshie - Knights : 1 - Wiprows : 2.
2:32 of 2nd period - Zack Hamill wins face-off versus Nazem Kadri in neutral zone.
2:35 of 2nd period - Slapshot by Chris Thorburn.
2:35 of 2nd period - Stopped by Thomas McCollum with a rebound.
2:41 of 2nd period - Snap shot by Nazem Kadri.
2:41 of 2nd period - Stopped by Jacob Markstrom with a rebound.
2:43 of 2nd period - Slapshot by Matt Taormina.
2:43 of 2nd period - Stopped by Jacob Markstrom without a rebound.
2:44 of 2nd period - Zack Hamill wins face-off versus Nazem Kadri in Knights zone.
2:55 of 2nd period - Snap shot by Chris Thorburn.
2:55 of 2nd period - Shot Misses the Net.
2:57 of 2nd period - Snap shot by Brayden McNabb.
2:57 of 2nd period - Shot Misses the Net.
2:59 of 2nd period - Slapshot by Tomas Kundratek.
2:59 of 2nd period - Deflect By Zack Hamill.
2:59 of 2nd period - Shot Misses the Net.
2:59 of 2nd period - Puck is out of play.
3:00 of 2nd period - Nick Bonino wins face-off versus James Wright in Wiprows zone.
3:15 of 2nd period - Linden Vey is hit by Tomas Kundratek and loses puck.
3:26 of 2nd period - T.J. Oshie is hit by Zack Hamill and loses puck.
4:16 of 2nd period - Snap shot by Alec Martinez.
4:16 of 2nd period - Shot Blocked by Garnet Exelby.
4:28 of 2nd period - Snap shot by Kyle Greentree.
4:28 of 2nd period - Goal by Kyle Greentree - Knights : 2 - Wiprows : 2.
4:29 of 2nd period - T.J. Oshie wins face-off versus Jani Rita in neutral zone.
5:29 of 2nd period - Minor Penalty to Jonathan Tremblay for Hooking.
5:30 of 2nd period - Jani Rita wins face-off versus Jesse Winchester in Wiprows zone.
5:41 of 2nd period - Snap shot by Zack Hamill.
5:41 of 2nd period - Deflect By Chris Thorburn.
5:41 of 2nd period - Stopped by Thomas McCollum with a rebound.
5:43 of 2nd period - Slapshot by Jani Rita.
5:43 of 2nd period - Shot Blocked by Arturs Kulda.
7:29 of 2nd period - Penalty to Jonathan Tremblay is over, Jonathan Tremblay is back on ice.
8:58 of 2nd period - Snap shot by Jason Ryznar.
8:58 of 2nd period - Stopped by Jacob Markstrom without a rebound.
8:59 of 2nd period - James Wright wins face-off versus Maxime Macenauer in Knights zone.
9:27 of 2nd period - Slapshot by Alec Martinez.
9:27 of 2nd period - Stopped by Jacob Markstrom without a rebound.
9:28 of 2nd period - Zack Hamill wins face-off versus T.J. Oshie in Knights zone.
9:38 of 2nd period - Jani Rita is hit by Alec Martinez and loses puck.
9:43 of 2nd period - Snap shot by Nazem Kadri.
9:43 of 2nd period - Shot Blocked by Garnet Exelby.
10:13 of 2nd period - Alec Martinez is hit by Tomas Kundratek and loses puck.
10:33 of 2nd period - Slapshot by Nick Bonino.
10:33 of 2nd period - Stopped by Jacob Markstrom without a rebound.
10:34 of 2nd period - Nazem Kadri wins face-off versus Zack Hamill in Knights zone.
10:43 of 2nd period - Jani Rita is hit by Matt Taormina and loses puck.
10:49 of 2nd period - Minor Penalty to Zack Hamill for Hooking.
10:50 of 2nd period - Jiri Tlusty wins face-off versus James Wright in Knights zone.
11:02 of 2nd period - Slapshot by Matt Donovan.
11:02 of 2nd period - Deflect By Jiri Tlusty.
11:02 of 2nd period - Stopped by Jacob Markstrom without a rebound.
11:03 of 2nd period - James Wright wins face-off versus Nazem Kadri in Knights zone.
11:03 of 2nd period - James Wright is hit by Nazem Kadri.
11:38 of 2nd period - Snap shot by Matt Taormina.
11:38 of 2nd period - Deflect By Nick Bonino.
11:38 of 2nd period - Stopped by Jacob Markstrom without a rebound.
11:39 of 2nd period - Nick Bonino wins face-off versus Joe Colborne in Knights zone.
11:52 of 2nd period - Snap shot by Nick Bonino.
11:52 of 2nd period - Shot Misses the Net.
11:54 of 2nd period - Wrist shot by Nick Bonino.
11:54 of 2nd period - Shot Misses the Net.
12:49 of 2nd period - Penalty to Zack Hamill is over, Zack Hamill is back on ice.
13:00 of 2nd period - Slapshot by Jani Rita.
13:00 of 2nd period - Deflect By Zack Hamill.
13:00 of 2nd period - Shot Misses the Net.
13:00 of 2nd period - Puck is out of play.
13:01 of 2nd period - Jesse Winchester wins face-off versus Zack Hamill in Wiprows zone.
13:09 of 2nd period - Minor Penalty to Jani Rita for Roughing.
13:10 of 2nd period - Nazem Kadri wins face-off versus James Wright in Knights zone.
13:20 of 2nd period - Snap shot by T.J. Oshie.
13:20 of 2nd period - Shot Misses the Net.
13:22 of 2nd period - Snap shot by T.J. Oshie.
13:22 of 2nd period - Shot Misses the Net.
13:24 of 2nd period - Slapshot by Nazem Kadri.
13:24 of 2nd period - Shot Misses the Net.
13:26 of 2nd period - Snap shot by Nazem Kadri.
13:26 of 2nd period - Shot Blocked by Garnet Exelby.
13:42 of 2nd period - Slapshot by Nick Bonino.
13:42 of 2nd period - Stopped by Jacob Markstrom with a rebound.
13:44 of 2nd period - Wrist shot by Matt Taormina.
13:44 of 2nd period - Stopped by Jacob Markstrom without a rebound.
13:45 of 2nd period - Nazem Kadri wins face-off versus Joe Colborne in Knights zone.
13:52 of 2nd period - Snap shot by Jiri Tlusty.
13:52 of 2nd period - Shot Blocked by Tomas Kundratek.
14:18 of 2nd period - Brandon Bollig is hit by Kyle Greentree and loses puck.
15:09 of 2nd period - Penalty to Jani Rita is over, Jani Rita is back on ice.
15:24 of 2nd period - Jonathan Tremblay is hit by Michael Raffl and loses puck.
15:29 of 2nd period - Snap shot by Jimmy Hayes.
15:29 of 2nd period - Shot Misses the Net.
15:39 of 2nd period - Matt Taormina is hit by Nikita Nikitin.
16:18 of 2nd period - Garnet Exelby is hit by Brandon Bollig and loses puck.
16:50 of 2nd period - Alec Martinez is hit by Tomas Kundratek and loses puck.
17:01 of 2nd period - Snap shot by Kevin Connauton.
17:01 of 2nd period - Shot Blocked by Nikita Nikitin.
17:03 of 2nd period - Slapshot by Jonathan Tremblay.
17:03 of 2nd period - Stopped by Jacob Markstrom without a rebound.
17:04 of 2nd period - Drayson Bowman wins face-off versus James Wright in Knights zone.
17:05 of 2nd period - Slapshot by Jesse Winchester.
17:05 of 2nd period - Deflect By Jonathan Tremblay.
17:05 of 2nd period - Shot Misses the Net.
17:05 of 2nd period - Puck is out of play.
17:06 of 2nd period - Zack Hamill wins face-off versus Jesse Winchester in Knights zone.
17:40 of 2nd period - Snap shot by Alex Chiasson.
17:40 of 2nd period - Shot Hit the Post.
17:52 of 2nd period - Snap shot by A.J. Jenks.
17:52 of 2nd period - Shot Misses the Net.
17:54 of 2nd period - Wrist shot by A.J. Jenks.
17:54 of 2nd period - Shot Hit the Post.
17:58 of 2nd period - Wrist shot by A.J. Jenks.
17:58 of 2nd period - Stopped by Thomas McCollum with a rebound.
18:00 of 2nd period - Wrist shot by A.J. Jenks.
18:00 of 2nd period - Deflect By Philip Varone.
18:00 of 2nd period - Stopped by Thomas McCollum with a rebound.
18:02 of 2nd period - Wrist shot by A.J. Jenks.
18:02 of 2nd period - Shot Misses the Net.
18:16 of 2nd period - Snap shot by Maxime Macenauer.
18:16 of 2nd period - Shot Misses the Net.
18:18 of 2nd period - Snap shot by Maxime Macenauer.
18:18 of 2nd period - Deflect By Jimmy Hayes.
18:18 of 2nd period - Goal by Maxime Macenauer - Knights : 2 - Wiprows : 3.
18:19 of 2nd period - Nazem Kadri wins face-off versus Chris Thorburn in neutral zone.
18:22 of 2nd period - Slapshot by Matt Taormina.
18:22 of 2nd period - Stopped by Jacob Markstrom without a rebound.
18:23 of 2nd period - Jiri Tlusty wins face-off versus Zack Hamill in Knights zone.
18:32 of 2nd period - Backhand shot by Jani Rita.
18:32 of 2nd period - Stopped by Thomas McCollum with a rebound.
18:34 of 2nd period - Snap shot by Chris Thorburn.
18:34 of 2nd period - Shot Misses the Net.
18:36 of 2nd period - Wrist shot by Chris Thorburn.
18:36 of 2nd period - Shot Blocked by Matt Taormina.
18:38 of 2nd period - Slapshot by Garnet Exelby.
18:38 of 2nd period - Deflect By Jani Rita.
18:38 of 2nd period - Stopped by Thomas McCollum with a rebound.
18:50 of 2nd period - Slapshot by Matt Taormina.
18:50 of 2nd period - Stopped by Jacob Markstrom without a rebound.
18:51 of 2nd period - Nick Bonino wins face-off versus James Wright in Knights zone.
18:51 of 2nd period - Alec Martinez is hit by Brayden McNabb and loses puck.
18:54 of 2nd period - Snap shot by Alec Martinez.
18:54 of 2nd period - Deflect By Kyle Greentree.
18:54 of 2nd period - Stopped by Jacob Markstrom without a rebound.
18:55 of 2nd period - Nick Bonino wins face-off versus Zack Hamill in Knights zone.
19:06 of 2nd period - Slapshot by Brandon Bollig.
19:06 of 2nd period - Stopped by Jacob Markstrom without a rebound.
19:07 of 2nd period - Nazem Kadri wins face-off versus James Wright in Knights zone.
19:55 of 2nd period - Snap shot by Jonathan Tremblay.
19:55 of 2nd period - Deflect By Drayson Bowman.
19:55 of 2nd period - Stopped by Jacob Markstrom without a rebound.
19:56 of 2nd period - James Wright wins face-off versus Jesse Winchester in Knights zone.
Goals for this period are 1 for Knights vs 2 for Wiprows.
Shots for this period are 7 for Knights vs 20 for Wiprows.
3rd period
0:01 of 3rd period - Jani Rita wins face-off versus Nazem Kadri in neutral zone.
0:08 of 3rd period - Wrist shot by Chris Thorburn.
0:08 of 3rd period - Shot Misses the Net.
0:47 of 3rd period - Slapshot by Alec Martinez.
0:47 of 3rd period - Deflect By Jonathan Tremblay.
0:47 of 3rd period - Stopped by Jacob Markstrom without a rebound.
0:48 of 3rd period - Jesse Winchester wins face-off versus Joe Colborne in Knights zone.
1:12 of 3rd period - Brayden McNabb is hit by Arturs Kulda and loses puck.
1:39 of 3rd period - Brayden McNabb is hit by Brandon Bollig and loses puck.
1:56 of 3rd period - Slapshot by Kyle Greentree.
1:56 of 3rd period - Shot Misses the Net.
1:58 of 3rd period - Slapshot by Garnet Exelby.
1:58 of 3rd period - Shot Misses the Net.
2:00 of 3rd period - Snap shot by Alex Chiasson.
2:00 of 3rd period - Deflect By Jonathan Tremblay.
2:00 of 3rd period - Stopped by Thomas McCollum with a rebound.
2:17 of 3rd period - Wrist shot by T.J. Oshie.
2:17 of 3rd period - Stopped by Jacob Markstrom with a rebound.
2:59 of 3rd period - Slapshot by Chris Thorburn.
2:59 of 3rd period - Stopped by Thomas McCollum with a rebound.
3:14 of 3rd period - Icing by Kevin Connauton.
3:15 of 3rd period - Nazem Kadri wins face-off versus James Wright in Wiprows zone.
3:27 of 3rd period - Minor Penalty to James Wright for High sticking.
3:28 of 3rd period - Kyle Greentree wins face-off versus T.J. Oshie in Knights zone.
3:38 of 3rd period - Matt Taormina is hit by Kyle Greentree and loses puck.
3:54 of 3rd period - Icing by Matt Donovan.
3:55 of 3rd period - Nick Bonino wins face-off versus Philip Varone in Wiprows zone.
4:00 of 3rd period - Slapshot by Matt Donovan.
4:00 of 3rd period - Stopped by Jacob Markstrom with a rebound.
4:14 of 3rd period - Kyle Greentree is hit by Nick Bonino and loses puck.
4:56 of 3rd period - Slapshot by Matt Donovan.
4:56 of 3rd period - Goal by Matt Donovan - Knights : 2 - Wiprows : 4.
4:57 of 3rd period - Nazem Kadri wins face-off versus Joe Colborne in neutral zone.
5:00 of 3rd period - Michael Raffl is hit by Arturs Kulda and loses puck.
5:27 of 3rd period - Minor Penalty to Garnet Exelby for Hooking.
5:28 of 3rd period - James Wright wins face-off versus Nazem Kadri in Knights zone.
5:28 of 3rd period - James Wright is hit by T.J. Oshie.
6:49 of 3rd period - Icing by Matt Taormina.
6:50 of 3rd period - Philip Varone wins face-off versus Nazem Kadri in Wiprows zone.
6:53 of 3rd period - Slapshot by Eric Gelinas.
6:53 of 3rd period - Stopped by Thomas McCollum without a rebound.
6:54 of 3rd period - Philip Varone wins face-off versus Nick Bonino in Wiprows zone.
6:59 of 3rd period - Wrist shot by Kyle Greentree.
6:59 of 3rd period - Stopped by Thomas McCollum with a rebound.
7:01 of 3rd period - Snap shot by Kyle Greentree.
7:01 of 3rd period - Shot Misses the Net.
7:03 of 3rd period - Slapshot by Philip Varone.
7:03 of 3rd period - Shot Misses the Net.
7:05 of 3rd period - Snap shot by Kyle Greentree.
7:05 of 3rd period - Deflect By Matt Donovan.
7:05 of 3rd period - Stopped by Thomas McCollum without a rebound.
7:06 of 3rd period - James Wright wins face-off versus Nazem Kadri in Wiprows zone.
7:14 of 3rd period - Icing by Matt Taormina.
7:15 of 3rd period - Nazem Kadri wins face-off versus James Wright in Wiprows zone.
7:27 of 3rd period - Penalty to Garnet Exelby is over, Garnet Exelby is back on ice.
8:00 of 3rd period - Wrist shot by T.J. Oshie.
8:00 of 3rd period - Shot Blocked by Tomas Kundratek.
8:08 of 3rd period - T.J. Oshie is hit by Garnet Exelby and loses puck.
8:33 of 3rd period - Wrist shot by T.J. Oshie.
8:33 of 3rd period - Shot Misses the Net.
8:45 of 3rd period - Snap shot by Jiri Tlusty.
8:45 of 3rd period - Shot Misses the Net.
8:47 of 3rd period - Snap shot by Matt Donovan.
8:47 of 3rd period - Shot Misses the Net.
8:49 of 3rd period - Slapshot by T.J. Oshie.
8:49 of 3rd period - Shot Blocked by Tomas Kundratek.
8:51 of 3rd period - Wrist shot by Nazem Kadri.
8:51 of 3rd period - Stopped by Jacob Markstrom without a rebound.
8:52 of 3rd period - Nick Bonino wins face-off versus Chris Thorburn in Knights zone.
9:48 of 3rd period - Snap shot by Joe Colborne.
9:48 of 3rd period - Shot Misses the Net.
9:50 of 3rd period - Slapshot by Jimmy Hayes.
9:50 of 3rd period - Shot Misses the Net.
9:52 of 3rd period - Backhand shot by Jimmy Hayes.
9:52 of 3rd period - Shot Blocked by Thomas Hickey.
9:54 of 3rd period - Snap shot by Joe Colborne.
9:54 of 3rd period - Stopped by Thomas McCollum with a rebound.
10:37 of 3rd period - Jimmy Hayes is hit by Jesse Winchester and loses puck.
12:39 of 3rd period - Nikita Nikitin is hit by Maxime Macenauer and loses puck.
12:52 of 3rd period - Brayden McNabb is hit by Alec Martinez and loses puck.
13:18 of 3rd period - Icing by A.J. Jenks.
13:19 of 3rd period - Nick Bonino wins face-off versus Joe Colborne in Knights zone.
13:20 of 3rd period - Snap shot by Thomas Hickey.
13:20 of 3rd period - Stopped by Jacob Markstrom with a rebound.
13:42 of 3rd period - Alex Chiasson is hit by Drayson Bowman.
13:52 of 3rd period - Wrist shot by Nazem Kadri.
13:52 of 3rd period - Shot Blocked by Eric Gelinas.
14:02 of 3rd period - Snap shot by Nazem Kadri.
14:02 of 3rd period - Shot Misses the Net.
14:39 of 3rd period - Matt Donovan is hit by Brayden McNabb and loses puck.
14:54 of 3rd period - Snap shot by Kyle Greentree.
14:54 of 3rd period - Shot Misses the Net.
14:56 of 3rd period - Slapshot by Alex Chiasson.
14:56 of 3rd period - Stopped by Thomas McCollum with a rebound.
14:58 of 3rd period - Slapshot by Tomas Kundratek.
14:58 of 3rd period - Shot Hit the Post.
15:00 of 3rd period - Backhand shot by Kyle Greentree.
15:00 of 3rd period - Shot Blocked by Kevin Connauton.
15:02 of 3rd period - Slapshot by Tomas Kundratek.
15:02 of 3rd period - Deflect By Nick Bonino.
15:02 of 3rd period - Stopped by Thomas McCollum with a rebound.
15:14 of 3rd period - Nazem Kadri is hit by Jani Rita and loses puck.
15:19 of 3rd period - Snap shot by Chris Thorburn.
15:19 of 3rd period - Shot Misses the Net.
15:21 of 3rd period - Snap shot by Jani Rita.
15:21 of 3rd period - Shot Misses the Net.
15:23 of 3rd period - Snap shot by Chris Thorburn.
15:23 of 3rd period - Shot Misses the Net.
15:40 of 3rd period - Drayson Bowman is hit by Carter Ashton and loses puck.
16:02 of 3rd period - Wrist shot by Jesse Winchester.
16:02 of 3rd period - Shot Blocked by Eric Gelinas.
16:04 of 3rd period - Snap shot by Jesse Winchester.
16:04 of 3rd period - Stopped by Jacob Markstrom without a rebound.
16:04 of 3rd period - Minor Penalty to Jacob Markstrom for Delaying the game.
16:05 of 3rd period - James Wright wins face-off versus Nazem Kadri in Knights zone.
16:05 of 3rd period - James Wright is hit by Matt Donovan.
17:48 of 3rd period - Kevin Connauton is hit by Michael Raffl and loses puck.
18:04 of 3rd period - Penalty to Eric Gelinas is over, Eric Gelinas is back on ice.
Goals for this period are 0 for Knights vs 1 for Wiprows.
Shots for this period are 8 for Knights vs 7 for Wiprows.
Output by the SimonT Hockey Simulator (STHS) for François Prévost -- Original Page W3C XHTML 1.0 Valid